Map: Deathaura LE

Players

KingArthur

  • Race: Zerg Zerg
  • League: Gold
  • Spawn Location: 5:00

A.I. 1 (Easy) - Winner!

  • Race: Terran Terran
  • Spawn Location: 11:00

VOD

Have the link to the VOD?

Description

Time

  • Played on: Sept. 11, 2020, 7:01 a.m.
  • Length: 3:50
Show
View Real Time Build Order
Export as new Build Order

KingArthur Zerg 

Build Orders: Hatch First 

Get SALT Encoding   

  6  0:01  Drone  
  13  0:12  Overlord  
  13  0:16  Drone  
  14  0:30  Drone x2  
  16  0:49  Hatchery  
  15  0:53  Drone  
  15  0:56  Drone  
  17  1:00  Drone  
  17  1:04  Extractor  
  17  1:19  Spawning Pool  
  17  1:20  Drone  
  17  1:23  Drone  
  18  1:28  Drone  
  19  2:06  Queen x2  
  19  2:07  Zergling x2  
  19  2:08  Zergling x4  
  25  2:11  Metabolic Boost  
  25  2:14  Overlord  
  26  2:17  Zergling x2  
  27  2:33  Baneling Nest  
  27  2:35  Zergling x6  
  29  2:43  Zergling x4  
  31  3:06  Zergling x10  
  36  3:19  Baneling x2  
  36  3:20  Baneling x4  
Show
View Real Time Build Order
Export as new Build Order

A.I. 1 (Easy) Terran - Winner!

Build Orders:  

Get SALT Encoding   

  6  0:00  SCV  
  13  0:13  SCV  
  14  0:19  Supply Depot  
  14  0:25  SCV  
  15  0:41  SCV  
  16  0:43  Barracks  
  16  0:45  Refinery  
  16  1:08  Supply Depot  
  16  1:20  Refinery  
  16  1:31  Barracks Tech Lab, Orbital Command  
  16  1:50  Marauder  
  18  2:11  Supply Depot  
  18  2:12  SCV  
  18  2:13  Marauder  
  21  2:24  SCV  
  22  2:36  SCV  
  25  2:37  Marauder  
  25  2:48  SCV  
  26  3:00  Marine  
  26  3:01  SCV  
  28  3:13  SCV  
  29  3:23  Marine  
Tags
 
League
Gold
Matchup
TvZ
Spawn Locations
Cross Positions
Add a new tag
Caveats
  • Supply blocks, unpowered buildings, or Contaminate may cause inaccurate times.
  • Supply counts are checked every 10 seconds.